 Seeded DCSS version 0.29.1-15-g9cfb28693d (webtiles) character file.

Game seed: 5852750519012672489 (custom seed)

149 Twinkles the Sneak (level 5, -4/27 HPs)
             Began as a Vine Stalker Brigand on June 6, 2023.
             Was a Follower of Trog.
             Killed from afar by Ijyb (8 damage)
             ... with a bolt of dispelling energy
             ... on level 3 of the Dungeon.
             The game lasted 00:02:37 (2494 turns).

Twinkles the Sneak (Vine Stalker Brigand)           Turns: 2494, Time: 00:02:37

Health: -4/27      AC:  7    Str: 16    XL:     5   Next: 31%
Magic:  0/6        EV: 10    Int: 11    God:    Trog [*.....]
Gold:   109        SH:  0    Dex: 15    Spells: 4/4 levels left

rFire   . . .      SeeInvis .   a - +2 dagger
rCold   . . .      Faith    .   (no shield)
rNeg    . . .      Spirit   +   s - +0 scale mail
rPois   .          Reflect  .   (no helmet)
rElec   .          Harm     .   c - +0 cloak
rCorr   .          Rampage  .   (no gloves)
Will    .....                   (no boots)
Stlth   ++........              (no amulet)
HPRegen 0.89/turn               (no ring)
MPRegen 0.10/turn               (no ring)

@: no status effects
A: fangs 2, regeneration 1, magic shield, antimagic bite, no potion heal 2
a: Renounce Religion, Berserk


You were on level 3 of the Dungeon.
You worshipped Trog.
Trog was aware of your devotion.
You visited 1 branch of the dungeon, and saw 3 of its levels.

You collected 109 gold pieces.

Inventory:

Hand Weapons
 a - a +2 dagger (weapon)
Missiles
 d - 9 poisoned darts (quivered)
 e - 3 curare-tipped darts
Armour
 b - a +0 robe
 c - a +0 cloak (worn)
 f - a +0 leather armour
 i - a +0 scale mail
 s - a +0 scale mail (worn)
 t - a scarf of repulsion
Wands
 v - a wand of roots (14)
Scrolls
 g - 2 scrolls of identify {unknown}
 h - a scroll of poison {unknown}
 j - a scroll of magic mapping {unknown}
 k - a scroll of noise {unknown}
 l - a scroll of vulnerability {unknown}
 p - 2 scrolls of fog {unknown}
Potions
 m - 2 potions of brilliance {unknown}
 n - 3 potions of might {unknown}
 o - 2 potions of heal wounds {unknown}
 q - a potion of curing {unknown}
 r - a potion of cancellation {unknown}
 u - a potion of magic {unknown}


   Skills:
 + Level 2.5 Fighting
 * Level 3.0 Short Blades
 + Level 2.4 Throwing
 + Level 1.1 Armour
 + Level 1.7 Dodging
 - Level 5.0 Stealth


You had 4 spell levels left.
You didn't know any spells.
Your spell library was empty.

Dungeon Overview and Level Annotations

Branches:
Dungeon (3/15)

Altars:
Trog

Annotations:
D:3 Ijyb


Innate Abilities, Weirdness & Mutations

You have extremely sharp teeth.
Your natural rate of healing is unusually fast.
When hurt, damage is shared between your health and your magic reserves.
Your bite disrupts and absorbs the magic of your enemies.
Potions cannot restore your health.


Message History

Things that are here:
a +0 scimitar; a gnoll corpse
Found a robe.
You see here a +0 robe.
A frilled lizard comes into view.
Found 7 gold pieces.
You see here 7 gold pieces.
The frilled lizard hisses angrily.
The frilled lizard bites you but does no damage.
You miss the frilled lizard.
The frilled lizard bites you but does no damage.
You hit the frilled lizard.
You kill the frilled lizard!
Trog accepts your kill.
No target in view!
No target in view!
No target in view!
No target in view!
No target in view!
You now have 109 gold pieces (gained 7).
You see here a frilled lizard corpse.
Ijyb the Twisted Goblin comes into view.
She is wielding a +0 club and carrying a wand of quicksilver (12).
Ijyb is nearby!
Ijyb zaps a wand.
The bolt of dispelling energy hits you!!
Ouch! That really hurt!
You are too injured to fight recklessly!
You are too injured to fight recklessly!
You are too injured to fight recklessly!
You are too injured to fight recklessly!
You are too injured to fight recklessly!
You are too injured to fight recklessly!
You are too injured to fight recklessly!
You are too injured to fight recklessly!
You are too injured to fight recklessly!
Ijyb screams, "Me stronger than you!"
Ijyb zaps a wand.
The bolt of dispelling energy hits you!
* * * LOW HITPOINT WARNING * * *
Ijyb zaps a wand.
The bolt of dispelling energy hits you!
You die...

#.#### #....#########
### #.##.#........ ....
####.##.#.#######.....
#....................
#####.###...####.#..###.
........................
#####.###....###.#......
# #.............@.......
# #.#...##...###.g....#.
# #.#...##...# ###...##
# #.#...##...#... ......
###.#)..##...#.### ..##.
.)..'............ ..#
###)#...##...#.### .#
#.#...<......... ..
#.######...#.###


You could see Ijyb.

Vanquished Creatures
  Terence (D:3)
  Natasha (D:3)
  3 gnolls (D:3)
  2 adders (D:2)
  A worm (D:2)
  A dart slug (D:1)
  An orc (D:3)
  4 ball pythons
  3 bats
  9 endoplasms
  2 giant cockroaches
  4 goblins
  2 hobgoblins
  4 kobolds
  A quokka (D:2)
  3 frilled lizards
  5 rats
47 creatures vanquished.

Notes
Turn   | Place    | Note
-------+----------+-------------------------------------------
     0 | D:1      | Twinkles the Vine Stalker Brigand began the quest for the
                  | Orb.
     0 | D:1      | Reached XP level 1. HP: 11/11 MP: 2/2
   419 | D:1      | Reached skill level 1 in Dodging
   419 | D:1      | Reached XP level 2. HP: 15/15 MP: 3/3
   452 | D:1      | Reached skill level 5 in Stealth
  1288 | D:2      | Reached XP level 3. HP: 18/18 MP: 4/4
  1715 | D:2      | Gained mutation: Your natural rate of healing is unusually
                  | fast. [Vine Stalker growth]
  1715 | D:2      | Reached XP level 4. HP: 22/23 MP: 5/5
  1791 | D:2      | Found a faded altar of an unknown god.
  1803 | D:2      | Prayed at the altar of an unknown god.
  1803 | D:2      | Became a worshipper of Trog the Wrathful
  1803 | D:2      | Reached * piety under Trog
  2170 | D:3      | Noticed Terence
  2195 | D:3      | Killed Terence
  2329 | D:3      | Noticed Natasha
  2340 | D:3      | Killed Natasha
  2341 | D:3      | Reached skill level 1 in Armour
  2341 | D:3      | Reached XP level 5. HP: 27/27 MP: 6/6
  2490 | D:3      | Noticed Ijyb
  2494 | D:3      | Killed from afar by Ijyb

Illustrated notes

Levels and vault maps discovered:
D:1:      dpeg_arrival_rooms_a, layout_basic, serial_forest,
          infiniplex_forest_end_double, infiniplex_forest_end_2,
          infiniplex_forest_lined_2, infiniplex_forest_straight_4,
          infiniplex_forest_lined_room_2, infiniplex_forest_clump_small,
          infiniplex_forest_straight_5, infiniplex_forest_straight_5
D:2:      layout_loops_ring, chequers_ecumenical_altar_island,
          kennysheep_generic_room_6
D:3:      layout_basic, lemuel_zombie_altar_kikubaaqudgha, uniq_robin,
          uniq_terence, uniq_natasha, uniq_ijyb

Skill      XL: |  1  2  3  4  5 |
---------------+----------------+-----
Dodging        | 1 |  1.7
Stealth        | 5 |  5.0
Fighting       | 2 |  2.5
Short Blades   | 2 3 |  3.0
Throwing       | 2 |  2.4
Armour         | 1 |  1.1

Action                   |  1- 3 |  4- 6 || total
-------------------------+-------+-------++-------
Melee: Dagger            |    76 |    70 ||   146
       Bite              |    17 |    26 ||    43
       Punch             |       |     1 ||     1
Invok: Berserk           |       |     1 ||     1
 Stab: Sleeping          |     7 |       ||     7
Armor: Leather armour    |     3 |       ||     3
       Scale mail        |    24 |    12 ||    36
Dodge: Dodged            |    30 |    28 ||    58
